 Dungeon Crawl Stone Soup version 0.31-a0-705-ga145531891 (webtiles) character file.

Game seed: 9155736696766556211

55 Ofeo the Changeling (level 3, -9/29 HPs)
             Began as a Demonspawn Shapeshifter on Sept 9, 2023.
             Mangled by a sleepcap (18 damage)
             ... on level 4 of the Dungeon.
             The game lasted 00:02:12 (2487 turns).

Ofeo the Changeling (Demonspawn Shapeshifter)       Turns: 2487, Time: 00:02:13

Health: -9/29      AC:  9    Str: 14    XL:     3   Next: 67%
Magic:  3/3        EV:  2    Int: 11    God:
Gold:   190        SH:  0    Dex: 14    Spells: 2/2 levels left

rFire   + +          .
                       - Unarmed
rCold   . . .        (no shield)
rNeg    + + +        b - +0 ring mail {rF+}
rPois   .            (helmet currently unavailable)
rElec   .            (cloak currently unavailable)
rCorr   .            (gloves currently unavailable)
SInv    .            (boots currently unavailable)
Will    .....        (no amulet)
Stlth   +            r - ring "Omikor" {rF+ rN++}
HPRegen 0.24/turn    t - ring of the Octopus King {rN+ HP+2 AC+2 EV+2 SH+2}
MPRegen 0.08/turn

%: no passive effects
@: beast-form, sleeping
A: beast (slay +1), icy blue scales 1, demonic magic 1
a: Begin Untransformation


You were on level 4 of the Dungeon.
You were a hulking beast.
You visited 1 branch of the dungeon, and saw 4 of its levels.

You collected 190 gold pieces.

Inventory:

Armour
 a - a +0 animal skin
 b - a +0 ring mail of fire resistance (worn)
Jewellery
 r - the ring "Omikor" (left hand) {rF+ rN++}
   (You found it on level 3 of the Dungeon)

   [ring of protection from fire]

   rF+:       It protects you from fire.
   rN++:      It greatly protects you from negative energy.
 t - a ring of the Octopus King (right hand) {rN+ HP+2 AC+2 EV+2 SH+2}
   (You found it on level 3 of the Dungeon)

   [ring of positive energy]

   AC+2:      It affects your AC (+2).
   EV+2:      It affects your evasion (+2).
   rN+:       It protects you from negative energy.
   HP+2:      It affects your health (+2).
   SH+2:      It affects your SH (+2).
 u - a ring of wizardry
 v - a ring of protection from fire
Talismans
 c - a beast talisman (active)
 d - a flux talisman
Scrolls
 h - 2 scrolls of enchant weapon
 i - 6 scrolls of identify {@r1}
 j - 2 scrolls of teleportation {unknown}
 k - a scroll of noise {unknown}
 m - a scroll of vulnerability {unknown}
 n - 3 scrolls of revelation {unknown}
 q - a scroll of poison {unknown}
 s - a scroll of fear {unknown}
Potions
 e - 3 potions of heal wounds {unknown}
 f - a potion of attraction {unknown}
 g - a potion of magic {unknown}
 l - a potion of lignification
 o - a potion of might {unknown}
 p - a potion of haste {unknown}


   Skills:
 - Level 1.7 Fighting
 - Level 2.2 Dodging
 - Level 3.0 Unarmed Combat
 + Level 3.4 Shapeshifting


You had 2 spell levels left.
You didn't know any spells.
Your spell library contained the following spells:

 Spells                   Type           Power      Damage    Failure   Level
 Magic Dart               Conj           0%         1d3       58%         1
 Ensorcelled Hibernation  Hex/Ice        0%         N/A       73%         2
 Jinxbite                 Hex            0%         N/A       73%         2
 Searing Ray              Conj           0%         2d4       73%         2
 Dazzling Flash           Conj/Hex       0%         N/A       91%         3
 Gell's Gravitas          Tloc           0%         N/A       91%         3
 Ozocubu's Armour         Ice            0%         N/A       91%         3
 Teleport Other           Tloc           0%         N/A       91%         3
 Anguish                  Hex/Necr       0%         N/A       100%        4
 Fulminant Prism          Conj/Hex       0%         3d5       100%        4
 Agony                    Necr           0%         N/A       100%        5
 Metabolic Englaciation   Hex/Ice        0%         N/A       100%        5
 Silence                  Hex/Air        0%         N/A       100%        5
 Dispersal                Tloc           0%         N/A       100%        6
 Simulacrum               Ice/Necr       0%         N/A       100%        6


Dungeon Overview and Level Annotations

Branches:
Dungeon (4/15)
 Temple: D:4-7

Altars:

Shops:
D:4 [


Innate Abilities, Weirdness & Mutations

You are a hulking beast.
Your limbs bulge with bestial killing power. (Slay +1)
You are partially covered in icy blue scales. (AC +2)
Spells you cast may paralyse adjacent enemies.


Message History

No target in view!
No target in view!
HP restored.
i - 6 scrolls of identify {@r1} (gained 1)
You now have 190 gold pieces (gained 18).
You see here 6 stones.
v - a ring of protection from fire Health restored: 29 No target in view!
A sleepcap comes into view.
A sleepcap is nearby!
A sleepcap is nearby!
An ogre comes into view. It is wielding a +0 giant club.
The ogre shouts!
The sleepcap misses you.
You hit the sleepcap but do no damage. You hit the sleepcap.
The sleepcap is moderately damaged.
The sleepcap barely misses you.
There are monsters nearby!
You hit the sleepcap.
The sleepcap is heavily damaged.
The ogre hits you with a +0 giant club!
Ouch! That really hurt!
You block the sleepcap's attack.
You take 15 damage, and have 14/29 hp.
MASSIVE DAMAGE!!
There are monsters nearby!
You are too injured to fight recklessly!
The sleepcap attacks as it pursues you! The sleepcap misses you.
You completely miss the sleepcap.
The sleepcap is heavily damaged.
The sleepcap closely misses you.
You hit the sleepcap.
The sleepcap is severely damaged.
The sleepcap releases spores at you.
You are engulfed in a cloud of soporific spores!
You fall asleep.
The sleepcap releases spores at you!!
Ouch! That really hurt!
You die...

.... .#... ......
.... # ...#
...♣♣P # #..
.P.♣. #..####
...P. # #.Ofh.#
#... #.....##.#
#..# #.###. #.##
#..# #.
#..#####..#######
##
##.....#..#......
#####.#....#####
##......######
###......#......
............#####


You could see an ogre and a sleepcap.

Vanquished Creatures
  A worm (D:2)
  2 dart slugs
  An orc (D:3)
  5 endoplasms
  2 giant cockroaches (D:3)
  4 goblins
  3 hobgoblins
  8 jackals
  2 quokkas
  2 ball pythons
  4 bats
  2 frilled lizards
  A kobold (D:2)
  4 rats
41 creatures vanquished.

Notes
Turn   | Place    | Note
-------+----------+-------------------------------------------
     0 | D:1      | Ofeo the Demonspawn Shapeshifter began the quest for the
                  | Orb.
     0 | D:1      | Reached XP level 1. HP: 15/15 MP: 1/1
   207 | D:1      | Gained mutation: You are partially covered in icy blue
                  | scales. (AC +2) [demonic ancestry]
   207 | D:1      | Reached XP level 2. HP: 18/21 MP: 2/2
  1286 | D:2      | Gained mutation: Spells you cast may paralyse adjacent
                  | enemies. [demonic ancestry]
  1286 | D:2      | Reached XP level 3. HP: 23/27 MP: 3/3
  1869 | D:3      | Identified the ring "Omikor" {rF+ rN++}
  1941 | D:3      | Found the ring of the Octopus King
  1961 | D:3      | Identified a ring of the Octopus King {rN+ HP+2 AC+2 EV+2
                  | SH+2}
  2182 | D:3      | Found a faded altar of an unknown god.
  2344 | D:4      | Found Xoitz's Antique Armour Shoppe.
  2480 | D:4      | Noticed an ogre
  2487 | D:4      | Mangled by a sleepcap

Illustrated notes

Levels and vault maps discovered:
D:1:      psy_arrival_spokes, layout_rooms
D:2:      layout_basic, st_stairs_1
D:3:      layout_rooms, chequers_ecumenical_altar_simple_redux, corner_web_ring,
          moated_statue, kennysheep_generic_room_16
D:4:      layout_rooms, okawaru_altar_gauntlet_db, minmay_temple_entry_grid,
          serial_shops, shop, serial_forest, infiniplex_forest_zigzag_1,
          infiniplex_forest_clump_C, infiniplex_forest_clump_diagonal,
          infiniplex_forest_lined_3_way, infiniplex_forest_lined_room_,
          infiniplex_forest_straight_1, infiniplex_forest_corner_2

Skill      XL: |  1  2  3 |
---------------+----------+-----
Dodging        | 2 |  2.2
Unarmed Combat | 3 |  3.0
Shapeshifting  | 3 |  3.4
Fighting       | |  1.7

Action                     || total
---------------------------++-------
  Melee: Unarmed           ||   143
         Punch             ||     1
    Use: Scroll            ||     1
 Armour: Animal skin       ||    17
         Ring mail         ||    60
  Dodge: Dodged            ||    78
  Block: Other             ||     1

Table legend: (Time is in decaauts)
 A = Elapsed time spent in this place.
 B = Non-inter-level travel time spent in this place.
 C = Inter-level travel time spent in this place.
 D = Time resting spent in this place.
 E = Time spent auto-exploring this place.
 F = Levels seen in this place.
 G = Mean time per level.
                   A        B        C        D        E       F      G
               +--------+--------+--------+--------+--------+-----+--------+
         Total |   2477 |   2291 |    186 |     30 |   1907 |   4 |  619.2 |
       Dungeon |   2477 |   2291 |    186 |     30 |   1907 |   4 |  619.2 |
               +--------+--------+--------+--------+--------+-----+--------+

Top non-repeatable levels by time:
     D:2: 938 daAuts
     D:1: 742 daAuts
     D:3: 654 daAuts
     D:4: 141 daAuts
